 Dungeon Crawl Stone Soup version bcrawl-1.38.3 (webtiles) character file.

Game seed: 11105006405161769662

10230391 kosoiffoigrumme1174 the Trollish Catastrophe (level 22, -4/206 HPs)
             Began as a Troll Archaeologist on June 3, 2023.
             Was an Elder of Qazlal.
             Slain by a bennu (12 damage)
             ... on level 1 of the Tomb of the Ancients on June 4, 2023.
             The game lasted 04:46:47 (48418 turns).

kosoiffoigrumme1174 (TrAc)                         Turns: 48418, Time: 04:46:47

Health: -4/206     AC: 22    Str: 27    XL:     22   Next: 48%
Magic:  0/36       EV: 20    Int: 11    God:    Qazlal [****..]
Gold:   1786       SH: 22    Dex: 20    Spells: 4/21 levels left

rFire    + . .     GDR:     34%   - Claws (32.3)
rCold    + . .     SeeInvis +   f - +6 medium shield {AC+3}
rNeg     + + .     Gourm    +   (armour unavailable)
rPois    +         Faith    .   C - +2 hat of the Bear Spirit {Spirit, +Rage rN+ MR++}
rElec    .         Spirit   +   P - +2 cloak
rCorr    .         Reflect  .   (gloves unavailable)
MR       ++++.                  (boots unavailable)
Stlth    ++........             B - amulet of regeneration
HPRegen  1.24/turn              D - ring of protection from magic
MPRegen  0.25/turn              X - ring of Okawaru's Wrath {+Blink rPois rN+ Str+2 SInv}

@: agile, very slightly contaminated, slowed, lightly drained, repel missiles,
very slow
A: large, almost no armour, claws 3, cold resistance 1, fire resistance 1, fast
metabolism 3, gourmand, regeneration 2, no potion heal 1, AC +14
}: 3/15 runes: serpentine, silver, gossamer
a: Upheaval, Elemental Force, Renounce Religion, Evoke Blink, Evoke Berserk Rage


You were on level 1 of the Tomb of the Ancients.
You worshipped Qazlal.
Qazlal was greatly pleased with you.
You were not hungry.

You visited 9 branches of the dungeon, and saw 33 of its levels.
You also visited: Sewer and Ice Cave.

You collected 4841 gold pieces.
You spent 3055 gold pieces at shops.

Inventory:

Hand Weapons
 b - a +0 blowgun
Missiles
 d - 72 curare-tipped needles
 l - 3 throwing nets {=f}
 m - 26 javelins of penetration {=f}
 q - 93 needles of confusion
 E - 227 poisoned needles
 F - 712 poisoned tomahawks
 H - 333 large rocks
 K - 720 javelins (quivered)
Armour
 f - a +6 medium shield of protection (worn)
 C - the +2 hat of the Bear Spirit (worn) {Spirit, +Rage rN+ MR++}
   (You found it on level 4 of the Dungeon)

   It protects you from negative energy.
   It affects your resistance to hostile enchantments.
   It lets you go berserk.
 P - a +2 cloak (worn)
Jewellery
 t - a +6 ring of strength
 y - a +3 ring of protection
 B - an amulet of regeneration (around neck)
 D - a ring of protection from magic (left claw)
 J - a +4 ring of evasion
 N - an uncursed ring of protection from cold
 R - the cursed ring "Pazuneg" {*Contam rElec rC+ Stlth--}
   (You took it off an orc warrior on level 9 of the Dungeon)

   [ring of attention]

   It protects you from cold.
   It insulates you from electricity.
   It causes magical contamination when unequipped.
   It makes you much less stealthy.
   It has a curse placed upon it.
 X - the ring of Okawaru's Wrath (right claw) {+Blink rPois rN+ Str+2 SInv}
   (You found it on level 2 of the Crypt)

   [ring of positive energy]

   It affects your strength (+2).
   It protects you from poison.
   It protects you from negative energy.
   It lets you see invisible.
   It lets you blink.
Wands
 s - a wand of clouds (9)
 x - a wand of paralysis (7)
 I - a wand of polymorph (26)
 M - a wand of charming (35)
 Q - a wand of iceblast (6)
 U - a wand of disintegration (49)
 V - a wand of scattershot (3)
 W - a wand of digging (10)
Scrolls
 g - 9 scrolls of magic mapping
 i - 2 scrolls of summoning
 k - 2 scrolls of amnesia
 n - 4 scrolls of fog
 u - 10 scrolls of fear
 w - 2 scrolls of blinking
 A - 6 scrolls of immolation
 L - 17 scrolls of teleportation
Potions
 c - 8 potions of might
 h - 2 potions of ambrosia
 j - 2 potions of invisibility
 o - 5 potions of lignification
 p - 3 potions of curing
 r - 8 potions of mutation
 v - 2 potions of agility
 z - 4 potions of haste
 O - 3 potions of cancellation
Miscellaneous
 a - a sack of spiders (inert)
 G - a fan of gales (inert)
 S - a lightning rod (1/4)
 T - a phial of floods
 Y - 3 phantom mirrors
 Z - a lamp of fire (inert)
Comestibles
 e - 24 rations {!d}


   Skills:
 - Level 10.0(9.9) Fighting
   Level 1.0(0.9) Maces & Flails
 - Level 10.0(9.9) Throwing
 - Level 10.0(9.9) Dodging
 - Level 1.7 Stealth
 - Level 4.0(3.9) Shields
 - Level 10.0(9.9) Unarmed Combat
 - Level 5.5 Conjurations
 - Level 12.0(11.9) Necromancy
 - Level 5.5 Fire Magic
 * Level 23.0 Invocations
 + Level 15.5 Evocations


You had 4 spell levels left.
You knew the following spells:

 Your Spells              Type           Power        Failure   Level  Hunger
a - Agony                 Necr           ####....     12%         4    ######.
b - Animate Dead          Necr           N/A          12%         4    ######.
c - Fire Storm            Conj/Fire      ##........   100%        9    #######

Your spell library contained the following spells:

 Spells                   Type           Power        Failure   Level  Hunger
 Necrotize                Necr           ####..       1%          1    None
 Vampiric Draining        Necr           ####......   3%          3    #####..
 Flame Tongue             Conj/Fire      ##...        17%         1    None
 Magic Dart               Conj           ##..         17%         1    None
 Conjure Flame            Conj/Fire      ##......     45%         3    #####..
 Iskenderun's Mystic Bla  Conj           ##......     45%         3    #####..
 Sting                    Conj/Pois      #...         47%         1    None
 Flaming Arrows           Chrm/Fire      #.......     63%         2    ####...
 Dazzling Orbs            Conj/Hex       #......      85%         3    #####..
 Inner Flame              Hex/Fire       N/A          85%         3    #####..
 Stone Arrow              Conj/Erth      #.....       85%         3    #####..
 Sandblast                Erth           #.....       86%         1    None
 Static Discharge         Air            #.....       86%         1    None
 Sticky Flame             Conj/Fire      ##......     86%         4    ######.
 Mephitic Cloud           Conj/Pois/Air  #.......     93%         3    #####..
 Blink                    Tloc           N/A          94%         2    ####...
 Call Imp                 Summ           #.....       94%         2    ####...
 Ensorcelled Hibernation  Hex/Ice        #.....       94%         2    ####...
 Passwall                 Tmut/Erth      #.......     94%         2    ####...
 Recall                   Summ/Tloc      N/A          99%         3    #####..
 Spider Form              Tmut/Pois      #..          99%         3    #####..
 Lightning Bolt           Conj/Air       #.......     99%         4    ######.
 Cause Fear               Hex            #.........   100%        4    ######.
 Petrify                  Tmut/Erth      #.........   100%        4    ######.
 Summon Ice Beast         Ice/Summ       #.......     100%        4    ######.
 Dispel Undead            Necr           ####....     34%         5    #######
 Bolt of Draining         Conj/Necr      ###.......   77%         5    #######
 Fireball                 Conj/Fire      ##........   99%         5    #######
 Bolt of Magma            Conj/Fire/Erth #.........   100%        5    #######
 Lee's Rapid Deconstruct  Erth           #.........   100%        5    #######
 Summon Demon             Summ           #.........   100%        5    #######
 Summon Forest            Summ/Tloc      #.........   100%        5    #######
 Summon Lightning Spire   Summ/Air       #.......     100%        5    #######
 Summon Mana Viper        Hex/Summ       #.......     100%        5    #######
 Aura of Abjuration       Summ           #.........   100%        6    #######
 Bolt of Cold             Conj/Ice       #.........   100%        6    #######
 Bolt of Fire             Conj/Fire      ##........   100%        6    #######
 Borgnjor's Vile Clutch   Necr/Erth      ##........   100%        6    #######
 Conjure Ball Lightning   Conj/Air       #.........   100%        6    #######
 Darkness                 Hex            #.........   100%        6    #######
 Infestation              Hex/Tmut/Pois  #........    100%        6    #######
 Iron Shot                Conj/Erth      #.........   100%        6    #######
 Poison Arrow             Conj/Pois      #.........   100%        6    #######
 Statue Form              Tmut/Erth      #........    100%        6    #######
 Dragon Form              Tmut           #......      100%        7    #######
 Shadow Creatures         Summ           N/A          100%        7    #######
 Chain Lightning          Conj/Air       #.........   100%        8    #######
 Time Stop                Chrm/Tloc      N/A          100%        8    #######
 Dragon's Call            Summ           #.........   100%        9    #######
 Shatter                  Erth           #.........   100%        9    #######


Dungeon Overview and Level Annotations

Branches:
Dungeon (12/12)            Temple (1/1) D:6            Lair (6/6) D:9
  Snake (3/3) Lair:4       Spider (3/3) Lair:2        Slime (0/5) Lair:5
    Orc (1/1) D:10            Elf (0/3) Orc          Vaults (3/3) D:12
  Crypt (2/2) Vaults:1       Tomb (2/3) Crypt:2      Depths (0/5) D:12

Altars:
Ashenzari
Cheibriados
Dithmenos
Elyvilon
Fedhas
Gozag
Hepliaklqana
Kikubaaqudgha
Lugonu
Makhleb
Nemelex Xobeh
Okawaru
Qazlal
Ru
Sif Muna
Trog
Uskayaw
Vehumet
Wu Jian
Xom
Yredelemnul
Zin
The Shining One
Beogh
Jiyva

Shops:
D:5 (   D:12 (   Orc :(*[!   Snake:2 !   Vaults:1 }   Vaults:2 ?

Portals:
Trove: D:11 (give +3 ice dragon scales)

Annotations:
Lair:4 2 runed translucent doors, Wairalebb's ghost, journeyman BaFi
Lair:6 exclusion: obsidian statue
Snake:1 1 transporter
Spider:1 exclusion: orange crystal statue
Spider:2 exclusion: orange crystal statue


Innate Abilities, Weirdness & Mutations

You cannot wear most types of armour.
Your thick skin is tough. (AC +14)
You are too large for most types of armour.
You have claws for hands.
Your flesh is cold resistant. (rC+)
Your flesh is heat resistant. (rF+)
Your metabolism is lightning-fast.
You like to eat raw meat.
You heal very quickly.
Potions are less effective at restoring your health.


Message History

Unknown command.
Unknown command.
Unknown command.
Unknown command.
Unknown command.
You blink.
You feel slightly more hungry. The bennu closely misses you.
The bennu claws you.
* * * LOW HITPOINT WARNING * * *
You block the bennu's attack.
You blink.
You feel slightly more hungry.
The bennu is struck by lightning.
You block the bennu's attack. The bennu barely misses you. The bennu claws you!
* * * LOW HITPOINT WARNING * * *
You hear a screech!
You hear a hideous shriek!
Your system partially rejects the healing.
You feel better. You block the bennu's attack. The bennu barely misses you.
The bennu claws you!
* * * LOW HITPOINT WARNING * * *
You block the bennu's attack. The bennu barely misses you.
The bennu claws you but does no damage. The bennu pecks you!
You die...

..#
#...#......................
..#
#.8.#..........8...8.......
..#
#...#............?.........
..#
#...############....#######
..#
#...#...#......#...|......#
..#
#...#...#......#..........#
..#
#...#...#§.....#..........#
..#
#...#...#'b#...#.......####
..#
#...#...#☼@#...#...#...#..#
..#
#.8.#...#..#.8.#...#.8.'..#
..#
#...#...#>.#...#...#...#..#
..#
#...#...####...#...#...####
..#
#...#..........#...#.......
..#
#...#..........#...#.......
..#
#...#..........#...#.......
..#
#...#####''#####...#####''#
..#
#..........................


You could see a bennu.

Vanquished Creatures
  A juggernaut (Vaults:3)
  3 ancient liches (Crypt:2)
  Bai Suzhen (Vaults:1)
  Zenata (Crypt:1)
  A bone dragon (Crypt:2)
  Rupert (Lair:2)
  Asterion (Vaults:3)
  3 liches
  A tentacled monstrosity (Vaults:3)
  A quicksilver dragon (Vaults:3)
  6 tengu reavers
  2 ancient champions (Crypt:2)
  3 sphinxes
  3 ghouls (Crypt:2)
  13 nagarajas (Snake:3)
  Agnes (Spider:2)
  Donald (D:11)
  3 revenants
  A storm dragon (Vaults:3)
  3 frost giants
  Louise (Spider:3)
  4 war gargoyles
  5 fire giants
  4 ghost moths (Spider:3)
  15 vault wardens
  An orc warlord (Vaults:1)
  A deep elf sorcerer (Vaults:1)
  Aizul (Crypt:1)
  3 stone giants
  12 ironheart preservers
  8 very ugly things
  6 jiangshi
  A juggernaut skeleton (Crypt:2)
  2 entropy weavers
  A bennu (Tomb:1)
  3 vampire knights
  The ghost of Mehrunes the Grappler, a journeyman TrCK of Xom (Lair:6)
  11 dire elephants
  A minotaur (Lair:6)
  2 deep elf annihilators (Vaults:1)
  2 deep elf death magi (Crypt:2)
  A crystal guardian (Vaults:2)
  An eidolon (Crypt:1)
  Azrael (Spider:2)
  A fire dragon (Vaults:1)
  A deep elf high priest (Vaults:3)
  6 ettins
  9 mummy priests
  22 vault guards
  An ice dragon (shapeshifter) (Vaults:3)
  A rakshasa (Snake:1)
  6 hydras
  9 yaktaur captains
  17 naga warriors
  10 anacondas
  A catoblepas (D:6)
  4 ogre magi
  2 shadow wraiths
  2 great orbs of eyes (Vaults:3)
  3 dancing weapons (Vaults:3)
  8 two-headed ogres
  2 death knights (Crypt:1)
  A death yak (Lair:6)
  2 vampire magi
  14 death scarabs
  A spectral dire elephant (Lair:6)
  A deep troll earth mage (Vaults:2)
  7 sea snakes (Snake:3)
  2 ironheart beastmasters (Vaults:2)
  An orc high priest (Orc)
  A shock serpent (Snake:1)
  3 naga sharpshooters
  Nergalle (Lair:4)
  6 deep elf knights
  2 deep trolls
  11 centaur warriors
  5 skeletal warriors
  2 salamander mystics (Snake:1)
  A fire crab (shapeshifter) (D:12)
  5 hell knights
  A spectral anaconda (Lair:6)
  A swamp dragon (shapeshifter) (Vaults:2)
  A gelid demonspawn (IceCv)
  A glowing orange brain (Vaults:1)
  A quicksilver dragon simulacrum (Crypt:2)
  A wolf spider zombie (D:12)
  4 deep elf archers
  An unseen horror (D:8)
  4 naga ritualists
  14 ironheart convokers
  7 phantasmal warriors
  3 cyclopes
  An iron dragon zombie (Tomb:1)
  6 necromancers
  6 mana vipers
  4 oklob plants (Lair:4)
  5 orb spiders
  10 deep elf magi
  12 ugly things
  2 anaconda skeletons (Crypt:2)
  5 orc knights
  A manticore (D:12)
  15 wolf spiders
  A moth of wrath (Spider:1)
  3 orc sorcerers (Orc)
  A shadow dragon skeleton (Crypt:2)
  8 elephants (Lair:6)
  A stone giant zombie (Crypt:2)
  6 salamanders
  7 naga magi
  7 guardian serpents
  A dire elephant zombie (Lair:6)
  A torpor snail (Lair:2)
  7 vault sentinels
  A torpor snail (shapeshifter) (D:12)
  32 black mambas
  9 cane toads
  A dire elephant skeleton (Lair:6)
  2 ice statues (IceCv)
  A rime drake (Lair:1)
  A kobold demonologist (D:11)
  11 flying skulls
  An eye of draining (D:7)
  11 komodo dragons
  22 jumping spiders
  A minotaur zombie (Crypt:2)
  A grey draconian skeleton (Crypt:1)
  14 yaktaurs
  An anaconda simulacrum (Crypt:2)
  5 demonic crawlers
  4 freezing wraiths
  5 guardian mummies (Tomb:1)
  3 polar bears
  10 trolls
  9 ice devils (IceCv)
  3 meliai (D:12)
  Prince Ribbit (D:7)
  4 hornets
  A merfolk (D:12)
  A bog body (Crypt:2)
  17 blink frogs
  12 slime creatures
  Grum (D:10)
  6 dream sheep (Lair:4)
  4 spectral elephants (Lair:6)
  7 hippogriffs
  A satyr skeleton (Crypt:1)
  2 black mamba zombies
  2 shadows (Crypt:2)
  5 wraiths
  An ice dragon skeleton (Crypt:2)
  24 tarantellas
  A dire elephant simulacrum (Lair:6)
  4 fire elementals
  3 basilisks
  A black mamba skeleton (Crypt:1)
  37 yaks
  2 ushabtiu (Tomb:1)
  A fire bat (shapeshifter) (Vaults:2)
  3 wyverns
  A hungry ghost (D:11)
  43 redbacks
  A redback (shapeshifter) (Vaults:1)
  A steam dragon (Lair:4)
  4 wargs
  4 acid dragons
  30 nagas
  5 crocodiles
  An acid dragon (shapeshifter) (D:11)
  11 porcupines
  7 water moccasins
  A hell hound (Spider:2)
  3 swamp drakes (Lair:4)
  A cane toad skeleton (Crypt:1)
  28 orc warriors
  10 ice beasts
  2 black bears
  An elephant zombie (Lair:6)
  4 necrophages
  A sky beast (D:11)
  5 boggarts
  A hornet zombie (D:8)
  5 phantoms
  A swamp dragon zombie (Crypt:1)
  18 ogres
  10 wolves
  A manticore skeleton (Tomb:1)
  2 elephant skeletons (Lair:6)
  9 bullfrogs
  Blork the orc (Orc)
  9 kobold brigands
  3 gnoll sergeants (D:5)
  6 centaurs
  A cane toad simulacrum (Lair:6)
  A yak zombie (Crypt:1)
  34 scorpions
  2 human simulacra
  6 elephant simulacra (Lair:6)
  2 killer bees (shapeshifter) (Vaults:3)
  14 orc priests
  12 crimson imps
  2 bullfrog zombies
  A jelly (D:10)
  2 bullfrog skeletons
  A gnoll shaman (D:5)
  11 hounds
  14 iguanas
  25 orc wizards
  13 worker ants
  A hound skeleton (D:9)
  13 mummies
  2 worker ant zombies
  16 adders
  23 gnolls
  A river rat (Sewer)
  A centaur skeleton (Crypt:2)
  A shadow imp (D:10)
  9 white imps (IceCv)
  8 ufetubi (IceCv)
  4 oozes
  A lava snake zombie (Crypt:2)
  3 adder skeletons
  An oni skeleton (Crypt:2)
  9 worms
  A barachi zombie (Crypt:2)
  4 dart slugs
  4 leopard geckos
  63 orcs
  4 ball pythons (Sewer)
  3 bats
  9 giant cockroaches
  7 goblins
  10 hobgoblins
  3 jackals (D:5)
  27 kobolds
  6 quokkas
  A frilled lizard (D:2)
  A frilled lizard skeleton (Crypt:2)
  A jackal skeleton (D:4)
  17 rats
  A plant (Lair:5)
  4 withered plants
1377 creatures vanquished.

Vanquished Creatures (collateral kills)
  Saint Roka (Vaults:3)
  A curse toe (Crypt:2)
  A lich (Vaults:3)
  Frances (Spider:1)
  An ancient champion (Crypt:1)
  A sphinx (Tomb:1)
  A storm dragon (Vaults:3)
  A fire giant (Vaults:3)
  A war gargoyle (Vaults:2)
  An iron dragon (Vaults:3)
  A frost giant (Vaults:3)
  An orc warlord (Orc)
  4 vault wardens
  5 emperor scorpions
  A stone giant (Vaults:3)
  3 ironheart preservers
  A spark wasp (Spider:3)
  An entropy weaver (Vaults:2)
  A dire elephant (Vaults:2)
  2 deep elf death magi
  A crystal guardian (Vaults:3)
  A mummy priest (Tomb:1)
  2 vault guards
  2 yaktaur captains (Vaults:3)
  A rakshasa (Vaults:2)
  2 ogre magi
  A hydra (Lair:1)
  A death scarab (Tomb:1)
  2 two-headed ogres (Vaults:1)
  An ironheart beastmaster (Vaults:2)
  A shock serpent (Snake:1)
  2 deep elf knights
  3 centaur warriors (Vaults:1)
  2 skeletal warriors
  A deep troll (Vaults:2)
  A hell knight (Vaults:1)
  2 wizards
  7 ironheart convokers
  A phantasmal warrior (Vaults:3)
  A wolf spider (Spider:2)
  An ugly thing (Vaults:3)
  6 deep elf magi
  2 vault sentinels
  A black mamba (Lair:2)
  3 yaktaurs
  2 flying skulls
  A freezing wraith (Vaults:2)
  2 guardian mummies
  A hornet (Spider:2)
  A yak (Lair:2)
  A redback (Vaults:2)
  4 ogres
  A boggart (Vaults:3)
  An ice beast (shapeshifter) (Vaults:2)
  A deep dwarf zombie (Crypt:2)
  2 mummies (Tomb:2)
  A swamp drake skeleton (Crypt:1)
96 creatures vanquished.

Vanquished Creatures (others)
  A lich (Vaults:3)
  A sphinx (Tomb:1)
  2 tengu reavers (Vaults:3)
  A frost giant (Vaults:1)
  A ghost moth (Spider:3)
  3 vault wardens (Vaults:3)
  2 ettins (Vaults:3)
  A yaktaur captain (Vaults:2)
  11 vault guards
  A rakshasa (Vaults:3)
  A hydra (Lair:2)
  A two-headed ogre (D:11)
  A dancing weapon (Vaults:3)
  A deep troll earth mage (Vaults:2)
  An ironheart beastmaster (Vaults:1)
  23 death scarabs (Tomb:2)
  An ogre mage (Vaults:1)
  A deep elf knight (Vaults:1)
  A centaur warrior (Vaults:1)
  2 flayed ghosts
  An ironheart convoker (Vaults:2)
  A deep elf archer (Vaults:2)
  2 deep elf magi (Vaults:3)
  An ugly thing (Vaults:3)
  A vault sentinel (Vaults:1)
  A yaktaur (Vaults:3)
  A guardian mummy (Tomb:2)
  2 hornets (Spider:3)
  A hippogriff (D:6)
  An ushabti (Tomb:1)
  A yak (Lair:2)
  A warg (Vaults:3)
  An orc warrior (Vaults:3)
  3 ogres
  A scorpion (Spider:1)
  2 orc wizards
  A worker ant (Spider:1)
  4 mummies (Tomb:2)
  2 white imps (IceCv)
  2 ufetubi (IceCv)
  4 orcs (Vaults:3)
  A bat zombie (Crypt:1)
  An orc skeleton (Tomb:2)
  2 fungi
  13 plants
  19 withered plants (Lair:6)
127 creatures vanquished.

Grand Total: 1600 creatures vanquished

Notes
Turn   | Place    | Note
-------+----------+-------------------------------------------
     0 | D:1      | kosoiffoigrumme1174 the Troll Archaeologist began the quest
                  | for the Orb.
     0 | D:1      | Reached XP level 1. HP: 18/18 MP: 0/0
   104 | D:1      | Reached skill level 1 in Fighting
   168 | D:1      | Reached skill level 1 in Unarmed Combat
   257 | D:1      | Reached XP level 2. HP: 21/27 MP: 1/1
   654 | D:1      | Reached XP level 3. HP: 32/35 MP: 2/2
  1230 | D:2      | Gained mutation: Your natural rate of healing is unusually
                  | fast. [Troll growth]
  1230 | D:2      | Reached XP level 4. HP: 42/42 MP: 3/3
  1466 | D:2      | Found a faded altar of an unknown god.
  1510 | D:2      | Found an ancient bone altar of Kikubaaqudgha.
  1868 | D:3      | Reached XP level 5. HP: 52/52 MP: 4/4
  1868 | D:3      | Identified a scroll of acquirement
  2209 | D:3      | Found an opulent altar of Gozag.
  2742 | D:4      | Found the +2 hat of the Bear Spirit {Spirit, +Rage rN+
                  | MR++}
  3057 | D:4      | Reached XP level 6. HP: 61/61 MP: 5/5
  3183 | D:4      | Reached skill level 1 in Throwing
  3385 | D:5      | Entered Level 5 of the Dungeon
  3396 | D:4      | Reached skill level 1 in Evocations
  3500 | D:5      | Reached XP level 7. HP: 47/70 MP: 5/7
  3819 | D:5      | Reached XP level 8. HP: 78/78 MP: 9/9
  4078 | D:5      | Found Vaoz's Weapon Shoppe.
  4102 | D:5      | Bought 63 poisoned tomahawks for 75 gold pieces
  4139 | D:5      | Found an ornate altar of the Wu Jian Council.
  4155 | D:5      | Reached skill level 1 in Shields
  4699 | D:6      | Noticed a hippogriff
  4700 | D:6      | Noticed a troll
  4700 | D:6      | Noticed a cyclops
  4746 | D:6      | Killed a hippogriff
  4764 | D:6      | Killed a troll
  4770 | D:6      | Reached skill level 5 in Throwing
  4787 | D:6      | Reached XP level 9. HP: 68/84 MP: 7/11
  4815 | D:6      | Found a glowing drain.
  4832 | D:6      | Killed a cyclops
  4833 | D:6      | Reached skill level 5 in Evocations
  4839 | Sewer    | Entered a sewer
  5589 | D:6      | Found a staircase to the Ecumenical Temple.
  5598 | Temple   | Entered the Ecumenical Temple
  5655 | Temple   | Became a worshipper of Qazlal Stormbringer
  5710 | D:6      | Reached skill level 1 in Invocations
  5754 | D:6      | Found a shimmering blue altar of Sif Muna.
  5880 | D:6      | Noticed a catoblepas
  5920 | D:6      | Reached skill level 2 in Invocations
  5925 | D:6      | Killed a catoblepas
  5926 | D:6      | Reached skill level 3 in Invocations
  5926 | D:6      | Reached XP level 10. HP: 48/92 MP: 4/14
  6658 | D:7      | Found a stormy altar of Qazlal.
  6765 | D:7      | Noticed Prince Ribbit
  6783 | D:7      | Killed Prince Ribbit
  6784 | D:7      | Reached skill level 4 in Invocations
  7326 | D:8      | Found a shadowy altar of Dithmenos.
  7338 | D:8      | Reached skill level 5 in Invocations
  7411 | D:8      | Found a shattered altar of Ashenzari.
  7489 | D:8      | Noticed a centaur warrior
  7577 | D:8      | Killed a centaur warrior
  7577 | D:8      | Reached * piety under Qazlal
  7578 | D:8      | Reached skill level 6 in Invocations
  7814 | D:8      | Noticed a two-headed ogre
  7823 | D:8      | Killed a two-headed ogre
  7899 | D:8      | Reached skill level 7 in Invocations
  7935 | D:8      | Found a snail-covered altar of Cheibriados.
  7944 | D:8      | Reached XP level 11. HP: 100/100 MP: 16/16
  8579 | D:8      | Killed an unseen horror
  8756 | D:9      | Reached ** piety under Qazlal
  8757 | D:9      | Noticed a two-headed ogre
  8767 | D:9      | Killed a two-headed ogre
  8795 | D:9      | Reached skill level 5 in Fighting
  9056 | D:9      | Found a glowing golden altar of the Shining One.
  9083 | D:9      | Found a staircase to the Lair.
  9116 | D:9      | Identified the cursed ring "Pazuneg" {*Contam rElec rC+
                  | Stlth--}
  9591 | D:10     | Entered Level 10 of the Dungeon
  9591 | D:10     | Noticed a centaur warrior
  9599 | D:10     | Killed a centaur warrior
  9600 | D:10     | Reached skill level 5 in Dodging
  9835 | D:10     | Noticed Grum
  9858 | D:10     | Killed Grum
 10053 | D:10     | Reached *** piety under Qazlal
 10217 | D:10     | Found a staircase to the Orcish Mines.
 10225 | D:10     | Found a roughly hewn altar of Beogh.
 10551 | D:11     | Noticed a centaur warrior
 10560 | D:11     | Killed a centaur warrior
 10561 | D:11     | Reached skill level 8 in Invocations
 10576 | D:11     | Noticed a two-headed ogre
 10578 | D:11     | Noticed an ogre mage
 10583 | D:11     | Noticed a two-headed ogre
 10591 | D:11     | Noticed a two-headed ogre
 10597 | D:11     | Killed an ogre mage
 10597 | D:11     | Killed a two-headed ogre
 10598 | D:11     | Gained mutation: You heal very quickly. [Troll growth]
 10598 | D:11     | Reached XP level 12. HP: 91/114 MP: 8/17
 10607 | D:11     | Killed a two-headed ogre
 10608 | D:11     | Reached skill level 9 in Invocations
 10867 | Lair:1   | Entered Level 1 of the Lair of Beasts
 10891 | Lair:1   | Noticed a five-headed hydra
 10905 | D:9      | Killed a five-headed hydra
 11077 | Lair:1   | Reached skill level 10 in Invocations
 11133 | Lair:1   | Reached skill level 10 in Evocations
 12366 | Lair:1   | Reached skill level 11 in Invocations
 12535 | Lair:2   | Noticed a five-headed hydra
 12537 | Lair:2   | Noticed a six-headed hydra
 12608 | Lair:1   | Killed a seven-headed hydra
 12666 | Lair:2   | Killed a six-headed hydra
 12667 | Lair:2   | Reached XP level 13. HP: 76/120 MP: 8/20
 13071 | Lair:2   | Found a hole to the Spider Nest.
 13381 | Lair:2   | Learned a level 4 spell: Agony
 13386 | Lair:2   | Learned a level 4 spell: Animate Dead
 13605 | Lair:3   | Identified Mintesa's Papyrus of the Blaze and Conjuration
 13755 | Lair:3   | Reached skill level 1 in Necromancy
 14604 | Lair:4   | Noticed Nergalle
 14621 | Lair:4   | Killed Nergalle
 14731 | Lair:4   | Found a large runed translucent door.
 14733 | Lair:4   | Found a large runed translucent door.
 14736 | Lair:4   | Noticed Wairalebb's ghost (journeyman BaFi)
 15104 | Lair:4   | Reached skill level 5 in Necromancy
 15416 | Lair:4   | Found a hide-covered altar of Uskayaw.
 15659 | Lair:4   | Found a staircase to the Snake Pit.
 15698 | Lair:4   | Reached **** piety under Qazlal
 16275 | Lair:5   | Found a frozen archway.
 16276 | Lair:5   | Found a staircase to the Slime Pits.
 16284 | IceCv    | Entered an ice cave
 16540 | IceCv    | Reached skill level 12 in Invocations
 16897 | IceCv    | Got a coiled granite ring
 17200 | Lair:5   | Identified the ring of the Fool {rPois MP+9 Str+8} (You
                  | found it in an ice cave)
 17227 | Lair:5   | Found a viscous altar of Jiyva.
 17426 | Lair:6   | Entered Level 6 of the Lair of Beasts
 17578 | Lair:5   | Reached XP level 14. HP: 122/130 MP: 22/22
 18341 | Lair:6   | Noticed Mehrunes's ghost (journeyman TrCK)
 18359 | Lair:6   | Found a runed translucent gate.
 18359 | Lair:6   | Found a runed translucent gate.
 18359 | Lair:6   | Found a runed translucent gate.
 18397 | Lair:6   | Identified the +1 robe of Hopscotch {rC+ rN+ Str-3}
 18917 | Lair:6   | Reached skill level 13 in Invocations
 19567 | Lair:6   | Killed Mehrunes's ghost
 19569 | Lair:6   | Reached skill level 10 in Necromancy
 19878 | Orc      | Entered the Orcish Mines
 19878 | Orc      | Found a staircase to the Elven Halls.
 20533 | Orc      | Found Wadiam's Distillery.
 20536 | Orc      | Bought a potion of haste for 180 gold pieces
 20536 | Orc      | Bought a potion of lignification for 54 gold pieces
 20536 | Orc      | Bought a potion of heal wounds for 90 gold pieces
 20536 | Orc      | Bought a potion of lignification for 54 gold pieces
 20536 | Orc      | Bought a potion of curing for 45 gold pieces
 20685 | Orc      | Noticed an orc warlord
 20706 | Orc      | Killed an orc warlord
 20729 | Orc      | Noticed Blork the orc
 20755 | Orc      | Killed Blork the orc
 20933 | Orc      | Reached skill level 14 in Invocations
 20982 | Orc      | Found a roughly hewn altar of Beogh.
 20990 | Orc      | Found Jisi's General Store.
 20999 | Orc      | Bought a potion of might for 52 gold pieces
 20999 | Orc      | Bought a potion of agility for 52 gold pieces
 20999 | Orc      | Bought a wand of charming (9) for 130 gold pieces
 20999 | Orc      | Bought 30 needles of confusion for 117 gold pieces
 21057 | Orc      | Found Conikuch's Antique Armour Shop.
 21072 | Orc      | Found Ecog's Book Shop.
 21100 | Orc      | Found Obozuf's Antique Weapon Shop.
 21332 | Spider:1 | Entered Level 1 of the Spider Nest
 21556 | Lair:2   | Reached ***** piety under Qazlal
 22135 | Spider:1 | Reached XP level 15. HP: 127/136 MP: 24/24
 22194 | Spider:1 | Noticed Frances
 22524 | Spider:1 | Killed Frances
 22578 | Spider:1 | Noticed Rupert
 22623 | Lair:2   | Killed Rupert
 22754 | Spider:1 | Reached skill level 15 in Invocations
 24048 | Spider:2 | Noticed Agnes
 24049 | Spider:2 | Killed Agnes
 24105 | Spider:2 | Reached skill level 5 in Unarmed Combat
 24535 | Spider:2 | Noticed Azrael
 24541 | Spider:2 | Killed Azrael
 25659 | Spider:3 | Entered Level 3 of the Spider Nest
 25838 | Spider:3 | Noticed Louise
 25983 | Spider:3 | Killed a ghost moth
 26253 | Spider:3 | Killed Louise
 26335 | Spider:3 | Killed a ghost moth
 26393 | Spider:3 | Killed a ghost moth
 27039 | Spider:3 | Gained mutation: Your flesh is cold resistant. (rC+) [Troll
                  | growth]
 27039 | Spider:3 | Reached XP level 16. HP: 152/152 MP: 26/26
 27509 | Spider:3 | Got a gossamer rune of Zot
 27804 | Snake:1  | Entered Level 1 of the Snake Pit
 27804 | Snake:1  | Found a transporter.
 27823 | Snake:1  | Found a shimmering blue altar of Sif Muna.
 29851 | Snake:2  | Identified the +2 robe "Zejy Gar" {Str+5 Int+2 Dex-5}
 29969 | Snake:2  | Reached skill level 16 in Invocations
 30501 | Snake:2  | Found Daklef's Distillery.
 30504 | Snake:2  | Bought a potion of might for 52 gold pieces
 30504 | Snake:2  | Bought 2 potions of heal wounds for 130 gold pieces
 30504 | Snake:2  | Bought 2 potions of agility for 104 gold pieces
 30504 | Snake:2  | Bought a potion of heal wounds for 65 gold pieces
 30504 | Snake:2  | Bought a potion of agility for 52 gold pieces
 30504 | Snake:2  | Bought a potion of heal wounds for 65 gold pieces
 30504 | Snake:2  | Bought 2 potions of mutation for 208 gold pieces
 30504 | Snake:2  | Bought a potion of mutation for 104 gold pieces
 30504 | Snake:2  | Bought a potion of curing for 32 gold pieces
 30504 | Snake:2  | Bought a potion of ambrosia for 52 gold pieces
 30504 | Snake:2  | Bought a potion of haste for 130 gold pieces
 31309 | Snake:3  | Entered Level 3 of the Snake Pit
 31807 | Snake:3  | Reached XP level 17. HP: 62/158 MP: 2/28
 31944 | Snake:3  | Reached skill level 17 in Invocations
 33909 | Snake:3  | Reached skill level 18 in Invocations
 34053 | Snake:3  | Got a serpentine rune of Zot
 34552 | D:11     | Found a portal to a secret trove of treasure.
 35017 | D:12     | Entered Level 12 of the Dungeon
 35188 | D:12     | Found Tallen Zuruk's Antique Weapon Emporium.
 35270 | D:12     | Found a staircase to the Depths.
 35926 | D:12     | Identified the cursed ring of Contention {*Drain +Fly rF+
                  | Stlth--}
 35972 | D:12     | Found a gate to the Vaults.
 35981 | Vaults:1 | Entered Level 1 of the Vaults
 36006 | Vaults:1 | Noticed Donald
 36201 | D:11     | Killed Donald
 36788 | Vaults:1 | Reached XP level 18. HP: 167/167 MP: 30/30
 36938 | Vaults:1 | Reached skill level 19 in Invocations
 37493 | Vaults:1 | Noticed Bai Suzhen
 37513 | Vaults:1 | Killed Bai Suzhen
 37662 | Vaults:1 | Found a staircase to the Crypt.
 37929 | Vaults:1 | HP: 7/167 [vault warden/cursed -1 war axe (35)]
 38414 | Vaults:1 | Reached skill level 20 in Invocations
 38477 | Vaults:1 | Reached XP level 19. HP: 174/174 MP: 32/32
 38758 | Vaults:1 | Found Exuy's Gadget Shoppe.
 38766 | Vaults:1 | Bought a lamp of fire for 680 gold pieces
 39599 | Vaults:2 | Reached skill level 10 in Unarmed Combat
 39805 | Vaults:2 | Reached skill level 10 in Fighting
 40831 | Vaults:2 | Found Niryq's Magic Scroll Shoppe.
 40838 | Vaults:2 | Bought a scroll of teleportation for 57 gold pieces
 40838 | Vaults:2 | Bought a scroll of summoning for 190 gold pieces
 40838 | Vaults:2 | Bought 2 scrolls of blinking for 285 gold pieces
 40849 | Vaults:3 | Entered Level 3 of the Vaults
 40858 | Vaults:3 | Noticed Saint Roka
 40865 | Vaults:3 | Gained mutation: Your flesh is heat resistant. (rF+) [Troll
                  | growth]
 40865 | Vaults:3 | Reached XP level 20. HP: 83/191 MP: 12/33
 40874 | Vaults:3 | Killed Saint Roka
 40897 | Vaults:3 | Reached skill level 10 in Throwing
 40951 | Vaults:3 | Reached skill level 10 in Dodging
 40974 | Vaults:3 | Identified the +5 medium shield of the Trees {MR+}
 40974 | Vaults:3 | Noticed Asterion
 40993 | Vaults:3 | HP: 8/191 [frost giant/bolt of cold (12)]
 41279 | Vaults:2 | HP: 7/191 [war gargoyle/exploding inner flame (24)]
 41402 | Vaults:3 | Identified the +10 hunting sling "Hezxounu" {flame, rElec
                  | rPois Stlth+}
 41427 | Vaults:3 | Reached skill level 21 in Invocations
 41584 | Vaults:3 | Killed Asterion
 41865 | Vaults:3 | Reached XP level 21. HP: 105/198 MP: 19/34
 42179 | Vaults:3 | Noticed a juggernaut
 42225 | Vaults:3 | Killed a juggernaut
 42226 | Vaults:3 | Reached skill level 22 in Invocations
 42366 | Vaults:3 | Reached skill level 15 in Evocations
 42653 | Vaults:3 | Identified the Reference Book on Summoning
 42662 | Vaults:3 | Identified the +2 ring mail of the End {rCorr MP+9 Stlth-}
 42681 | Vaults:3 | Identified the cursed +0 scale mail of the Arcane {Slay+3}
 43029 | Vaults:3 | Got a silver rune of Zot
 43030 | Vaults:3 | Identified the +5 plate armour "Nynuno" {*Corrode rF+ rC++
                  | Stlth+}
 43928 | Crypt:1  | Entered Level 1 of the Crypt
 44033 | Vaults:1 | Learned a level 9 spell: Fire Storm
 44180 | Crypt:1  | Reached skill level 1 in Conjurations
 44180 | Crypt:1  | Reached skill level 1 in Fire Magic
 44272 | Crypt:1  | Noticed Zenata
 44290 | Crypt:1  | Killed Zenata
 44752 | Crypt:1  | Noticed Aizul
 44765 | Crypt:1  | Killed Aizul
 45208 | Crypt:2  | Entered Level 2 of the Crypt
 45407 | Crypt:2  | Noticed a curse toe
 45417 | Crypt:2  | Killed a curse toe
 45763 | Crypt:2  | Found the +7 sceptre of Torment {pain, torment}
 45903 | Crypt:2  | Noticed an ancient lich
 46039 | Crypt:2  | Gained mutation: Potions are less effective at restoring
                  | your health. [mutagenic glow]
 46076 | Crypt:2  | Killed an ancient lich
 46173 | Crypt:2  | Found a staircase to the Tomb.
 46626 | Crypt:2  | Noticed an ancient lich
 46626 | Crypt:2  | Noticed an ancient lich
 46628 | Crypt:2  | Killed an ancient lich
 46629 | Crypt:2  | Reached skill level 5 in Conjurations
 46629 | Crypt:2  | Reached skill level 5 in Fire Magic
 46629 | Crypt:2  | Reached XP level 22. HP: 206/206 MP: 32/36
 46629 | Crypt:2  | Killed an ancient lich
 46636 | Crypt:2  | Identified the amulet "Huraovech" {Regen *Corrode +Inv
                  | Str+5 Dex+8}
 46644 | Crypt:2  | Identified the ring of Okawaru's Wrath {+Blink rPois rN+
                  | Str+2 SInv}
 46661 | Crypt:2  | Identified the cursed +1 scimitar of Xomup {drain, Str+5
                  | Dex+4}
 46740 | Tomb:1   | Entered Level 1 of the Tomb of the Ancients
 48014 | Tomb:2   | Noticed a greater mummy
 48014 | Tomb:2   | Noticed a greater mummy
 48017 | Tomb:2   | Noticed a greater mummy
 48375 | Tomb:2   | Noticed a greater mummy
 48381 | Tomb:2   | HP: 10/204 [death scarab/exploding inner flame (3)]
 48382 | Tomb:2   | HP: 3/204 [acid (7)]
 48394 | Tomb:2   | Reached skill level 23 in Invocations
 48418 | Tomb:1   | HP: 8/206 [bennu (11)]
 48418 | Tomb:1   | Slain by a bennu

Skill      XL: |  1  2  3  4  5  6  7  8  9 10 11 12 13 14 15 16 17 18 19 20 21 22 |
---------------+-------------------------------------------------------------------+-----
Fighting       | 1 2 3 4 6 8 10 | 10.0
Unarmed Combat | 1 2 3 4 8 10 | 10.0
Throwing       | 2 4 5 6 8 9 10 | 10.0
Evocations     | 1 3 4 6 8 9 10 11 12 13 14 15 | 15.5
Shields        | 3 4 |  4.0
Invocations    | 3 7 8 11 12 14 15 16 18 20 21 22 23 | 23.0
Dodging        | 5 8 10 | 10.0
Necromancy     | 7 10 12 | 12.0
Conjurations   | 5 |  5.5
Fire Magic     | 5 |  5.5
Maces & Flails | |  1.0
Stealth        | |  1.7

Action                   |  1- 3 |  4- 6 |  7- 9 | 10-12 | 13-15 | 16-18 | 19-21 | 22-24 || total
-------------------------+-------+-------+-------+-------+-------+-------+-------+-------++-------
Melee: Unarmed           |   142 |   215 |   355 |   745 |  1463 |  1323 |   989 |   156 ||  5388
       Punch             |     2 |     1 |       |       |       |       |       |       ||     3
       Blowgun           |       |       |       |       |     1 |       |       |       ||     1
 Fire: Blowgun           |       |       |       |       |   381 |   157 |    72 |       ||   610
Throw: Stone             |       |     4 |   107 |    58 |   178 |       |       |       ||   347
       Tomahawk          |       |       |    15 |    96 |    86 |    57 |   118 |       ||   372
       Javelin           |       |       |       |    22 |    17 |   189 |    16 |    53 ||   297
       Large rock        |       |       |       |     7 |    17 |       |       |       ||    24
 Cast: Animate Dead      |       |       |       |       |       |     3 |    18 |     1 ||    22
       Agony             |       |       |       |       |       |     2 |     1 |       ||     3
Invok: Upheaval          |       |       |       |    11 |    38 |    26 |    13 |    13 ||   101
       Elemental Force   |       |       |       |     3 |     7 |     8 |    10 |     5 ||    33
       Become The Storm  |       |       |       |       |       |     2 |     2 |     1 ||     5
 Abil: Evoke Berserk Rag |       |       |       |       |     1 |     1 |       |       ||     2
       Evoke Blink       |       |       |       |       |       |       |       |     2 ||     2
Evoke: Wand              |       |       |       |     5 |     5 |    12 |    31 |     1 ||    54
       Lightning rod     |       |       |       |     6 |    15 |    26 |    45 |     6 ||    98
       Phial of floods   |       |       |       |     1 |     2 |     2 |     6 |     1 ||    12
       Sack of spiders   |       |       |       |       |       |     1 |     4 |     2 ||     7
       Lamp of fire      |       |       |       |       |       |       |     6 |     1 ||     7
       Fan of gales      |       |       |       |       |       |       |     1 |     2 ||     3
  Use: Scroll            |     2 |     4 |     3 |    13 |     8 |     6 |     6 |     5 ||    47
       Potion            |       |       |     2 |     4 |     7 |    15 |    11 |     5 ||    44
 Stab: Sleeping          |     2 |     3 |       |     1 |       |       |       |       ||     6
       Distracted        |     1 |       |       |       |       |     1 |     2 |       ||     4
       Invisible         |       |       |       |     1 |     2 |     1 |    11 |     2 ||    17
       Paralysed         |       |       |       |       |    12 |       |     9 |       ||    21
       Confused          |       |       |       |       |     2 |       |       |       ||     2
       Held in net/web   |       |       |       |       |     1 |     1 |       |       ||     2
  Eat: Chunk             |    16 |    19 |    28 |    73 |   129 |    83 |    29 |       ||   377
       Ration            |       |       |       |       |     5 |    12 |    14 |     6 ||    37
Armor: Skin              |    40 |   103 |   164 |   243 |   605 |   310 |   301 |   104 ||  1870
Dodge: Dodged            |    64 |    55 |   142 |   289 |   460 |   262 |   258 |   124 ||  1654
       Deflected         |       |       |       |       |     3 |    51 |    31 |     1 ||    86
Block: Medium shield     |       |    58 |   192 |   541 |  1710 |  1544 |  1160 |   273 ||  5478
